 Dungeon Crawl Stone Soup version 0.30.1-11-g7821555f0a (webtiles) character file.

Game seed: 17792669155364633046

275 monsoonserge the Conjurer (level 6, -8/35 HPs)
             Began as a Tengu Reaver on Jan 10, 2024.
             Killed by nerve-wracking pain
             ... invoked by a shadow imp
              (12 damage)
             ... on level 4 of the Dungeon.
             The game lasted 00:06:26 (2986 turns).

monsoonserge the Conjurer (Tengu Reaver)            Turns: 2986, Time: 00:06:27

Health: -8/35      AC:  7    Str: 12      XL:     6   Next: 25%
Magic:  10/10      EV: 12    Int: 15      God:
Gold:   105        SH:  3    Dex: 11 (13) Spells: 8/9 levels left

rFire   + . .        f - +1 dagger (drain)
rCold   . . .        t - +0 buckler
rNeg    . . .        g - +0 ring mail
rPois   .            (helmet restricted)
rElec   .            u - +0 cloak
rCorr   .            (no gloves)
SInv    .            (boots unavailable)
Will    .....        (no amulet)
Stlth   +            o - ring of protection from fire
HPRegen 0.25/turn    (no ring)
MPRegen 0.12/turn

%: no passive effects
@: attractive, flying quickly and evasively, quick
A: beak, talons 3, nimble flight
a: no special abilities


You were on level 4 of the Dungeon.
You visited 1 branch of the dungeon, and saw 4 of its levels.

You collected 187 gold pieces.
You spent 82 gold pieces at shops.

Inventory:

Hand Weapons
 f - a +1 dagger of draining (weapon)
Missiles
 i - 4 poisoned darts (quivered)
 m - 5 curare-tipped darts
 w - 6 javelins
Armour
 b - a +0 leather armour
 g - a +0 ring mail (worn)
 t - a +0 buckler (worn)
 u - a +0 cloak (worn)
Jewellery
 o - a ring of protection from fire (left hand)
Wands
 p - a wand of iceblast (8)
Scrolls
 a - a scroll of magic mapping {unknown}
 h - a scroll of poison {unknown}
 k - 2 scrolls of identify {unknown}
 l - a scroll of immolation {unknown}
 q - a scroll of fog {unknown}
 r - a scroll of vulnerability {unknown}
 s - a scroll of teleportation {unknown}
 x - a scroll of silence {unknown}
Potions
 c - 4 potions of curing {unknown}
 d - a potion of attraction
 e - a potion of heal wounds {unknown}
 j - a potion of lignification {unknown}
 n - a potion of haste {unknown}
 v - a potion of degeneration {unknown}


   Skills:
 + Level 2.3 Fighting
 - Level 3.0 Short Blades
 - Level 3.6 Maces & Flails
 * Level 4.0 Armour
 + Level 3.3 Dodging
 + Level 0.2 Stealth
 + Level 0.1 Shields
 - Level 2.0 Spellcasting
 + Level 4.6 Conjurations


You had 8 spell levels left.
You knew the following spells:

 Your Spells              Type           Power      Damage    Failure   Level
a - Kiss of Death         Conj/Necr      32%        2d7       26%         1

Your spell library contained the following spells:

 Spells                   Type           Power      Damage    Failure   Level
 Momentum Strike          Conj/Tloc      16%        3d8       38%         2
 Slow                     Hex            4%         N/A       56%         1
 Hailstorm                Conj/Ice       8%         3d4       63%         3
 Confusing Touch          Hex            1%         N/A       90%         3
 Vampiric Draining        Necr           1%         2d6       90%         3
 Petrify                  Tmut/Erth      1%         N/A       100%        4
 Metabolic Englaciation   Hex/Ice        0%         N/A       100%        5
 Statue Form              Tmut/Erth      0%         N/A       100%        6


Dungeon Overview and Level Annotations

Branches:
Dungeon (4/15)
 Temple: D:4-7

Altars:

Shops:
D:2 *


Innate Abilities, Weirdness & Mutations

You have a beak for a mouth.
You have claws for feet.
Your magical nature lets you fly swiftly and evasively.


Message History

The iguana bites you.
You hit the iguana. You drain the iguana.
You kill the iguana!
You closely miss the ufetubus. Your kick misses the ufetubus.
The ufetubus misses you.
The ufetubus hits you but does no damage.
You hit the shadow imp but do no damage.
You peck the shadow imp, but do no damage.
You hit the shadow imp but do no damage.
You peck the shadow imp.
The shadow imp is lightly wounded.
The shadow imp closely misses you.
You closely miss the shadow imp.
The shadow imp is lightly wounded.
The shadow imp closely misses you.
You hit the shadow imp but do no damage.
Your kick misses the shadow imp.
The shadow imp is lightly wounded.
The shadow imp hits you.
You barely miss the shadow imp. Your kick misses the shadow imp.
The shadow imp is lightly wounded.
The shadow imp gestures at you. Pain shoots through your body!
You barely miss the shadow imp.
You claw the shadow imp, but do no damage.
The shadow imp is lightly wounded.
The shadow imp hits you.
* * * LOW HITPOINT WARNING * * *
You closely miss the shadow imp. Your kick misses the shadow imp.
Your peck misses the shadow imp.
The shadow imp is lightly wounded.
The shadow imp gestures at you. Pain shoots through your body!
* * * LOW HITPOINT WARNING * * *
Unknown command.
It was a potion of attraction.
You feel attractive to monsters. The shadow imp gestures at you.
Pain shoots through your body!
You die...

###.#####...##
##.# ...<#
##..####..#
#####
#....##.##
#.##....#
#.####..## #.#
#...# #(#
##..# #.# #..#
##.# #@##
..... ##5#
(...(.#.5#
........##
........#
........#
.......##
.......
....P.♣


You could see a shadow imp and an ufetubus.

Vanquished Creatures
  A quasit (D:3)
  A hound (D:4)
  An iguana (D:4)
  Terence (D:2)
  3 gnolls (D:3)
  5 adders
  3 shadow imps
  8 bats
  3 endoplasms
  A giant cockroach (D:1)
  12 goblins
  6 hobgoblins
  4 jackals
  A quokka (D:3)
  6 ball pythons
  2 frilled lizards
  3 kobolds
  5 rats
66 creatures vanquished.

Notes
Turn   | Place    | Note
-------+----------+-------------------------------------------
     0 | D:1      | monsoonserge the Tengu Reaver began the quest for the Orb.
     0 | D:1      | Reached XP level 1. HP: 12/12 MP: 4/4
   124 | D:1      | Reached XP level 2. HP: 17/17 MP: 6/6
   741 | D:1      | Reached XP level 3. HP: 13/21 MP: 7/7
   870 | D:2      | Reached skill level 1 in Armour
   992 | D:2      | Found Mysakoy's Assorted Antiques.
  1000 | D:2      | Bought a bubbling red potion for 19 gold pieces
  1000 | D:2      | Bought a scroll labelled AFIGIO CUEK for 22 gold pieces
  1000 | D:2      | Bought a scroll labelled GOAMPI NETOED for 22 gold pieces
  1030 | D:2      | Reached skill level 1 in Short Blades
  1109 | D:2      | Bought an orange potion for 19 gold pieces
  1157 | D:2      | Reached XP level 4. HP: 12/26 MP: 8/8
  1311 | D:2      | Noticed Terence
  1318 | D:2      | Killed Terence
  1515 | D:2      | You fall into a shaft and drop 1 floor!
  1697 | D:3      | Gained mutation: Your magical nature lets you fly swiftly
                  | and evasively. [Tengu growth]
  1697 | D:3      | Reached XP level 5. HP: 9/30 MP: 9/9
  2692 | D:4      | Noticed an ogre
  2959 | D:4      | Reached XP level 6. HP: 28/35 MP: 10/10
  2986 | D:4      | Killed from afar by a shadow imp

Illustrated notes

Levels and vault maps discovered:
D:1:      saegor_arrival_simple_a, layout_loops_corners, dreamdust_wishing_well
D:2:      layout_basic, serial_shops, nicolae_diamond_shop,
          minmay_goblin_outpost, uniq_terence
D:3:      layout_basic, grunt_ministairs_4
D:4:      layout_rooms, nicolae_overflow_squiral, serial_shops, shop,
          serial_demonic, serial_demonic_d, serial_demonic_d, serial_demonic_d,
          serial_demonic_e, serial_demonic_a, minmay_misc_feat_diagonals

Skill      XL: |  1  2  3  4  5  6 |
---------------+-------------------+-----
Armour         | 1 3 4 |  4.0
Short Blades   | 1 3 |  3.0
Dodging        | 3 |  3.3
Fighting       | |  2.3
Maces & Flails | |  3.6
Stealth        | |  0.2
Shields        | |  0.1
Spellcasting   | |  2.0
Conjurations   | |  4.6

Action                     |  1- 3 |  4- 6 || total
---------------------------+-------+-------++-------
  Melee: Mace              |    19 |       ||    19
         Kick              |    12 |    32 ||    44
         Peck              |    10 |    22 ||    32
         Dagger            |    49 |   167 ||   216
         Punch             |     2 |     1 ||     3
  Throw: Dart              |       |     5 ||     5
   Cast: Kiss of Death     |       |     1 ||     1
    Use: Potion            |       |     1 ||     1
 Armour: Leather armour    |    11 |       ||    11
         Ring mail         |    10 |    81 ||    91
  Dodge: Dodged            |    36 |   116 ||   152
  Block: Buckler           |       |    16 ||    16
